 Dungeon Crawl Stone Soup version 0.22-a0-388-g09e6169 (webtiles) character file.

183 JeffiDaFish the Grave Robber (level 5, -5/38 HPs)
             Began as a Draconian Necromancer on Apr 29, 2018.
             Killed by nerve-wracking pain
             ... invoked by Grinder
              (12 damage)
             ... while paralysed by Grinder
             ... on level 3 of the Dungeon.
             The game lasted 00:07:30 (2954 turns).

JeffiDaFish the Grave Robber (DrNe)                 Turns: 2954, Time: 00:07:31

Health: -5/38      AC:  6    Str: 11    XL:     5   Next: 35%
Magic:  0/9        EV:  2    Int: 16    God:
Gold:   129        SH:  0    Dex: 11    Spells: 3/10 levels left

rFire    . . .     SeeInvis .   d - +1 short sword (vamp)
rCold    . . .     Gourm    .   (no shield)
rNeg     . . .     Faith    .   (armour unavailable)
rPois    .         Spirit   .   (helmet restricted)
rElec    .         Reflect  .   e - +0 cloak
rCorr    .         Harm     .   (no gloves)
MR       .....                  (no boots)
Stlth    ++........             (no amulet)
HPRegen  0.12/turn              (no ring)
MPRegen  0.11/turn              (no ring)

@: paralysed, very slightly contaminated
A: unfitting armour, cold-blooded, AC +5
a: no special abilities


You were on level 3 of the Dungeon.
You were hungry.

You visited 1 branch of the dungeon, and saw 3 of its levels.

You collected 129 gold pieces.

Inventory:

Hand Weapons
 a - a +0 short sword
 d - a +1 vampiric short sword (weapon)
Armour
 e - a +0 cloak (worn)
 f - a +1 buckler
Scrolls
 g - 4 scrolls of identify
 h - 4 scrolls of teleportation
Comestibles
 b - 4 rations
 c - 2 chunks of flesh


   Skills:
 - Level 2.0 Dodging
 - Level 1.7 Stealth
 + Level 1.5 Shields
 + Level 3.2 Spellcasting
 * Level 5.6 Necromancy


You had 3 spell levels left.
You knew the following spells:

 Your Spells              Type           Power        Failure   Level  Hunger
a - Pain                  Necr           ###.         1%          1    None
b - Vampiric Draining     Necr           ###.......   5%          3    ###....
c - Regeneration          Chrm/Necr      ##........   17%         3    ###....


Dungeon Overview and Level Annotations

Branches:
Dungeon (3/15)

Altars:

Annotations:
D:3 Grinder


Innate Abilities, Weirdness & Mutations

Your plain brown scales are hard. (AC +5)
You cannot fit into any form of body armour.
You are cold-blooded and may be slowed by cold attacks.


Message History

You hit Grinder.
Grinder is lightly wounded.
Grinder blinks!
Your magical contamination has completely faded away.
Grinder gestures at you. Pain shoots through your body!
* * * LOW HITPOINT WARNING * * *
Casting: Regeneration (safe; 17% risk of failure)
Confirm with . or Enter, or press ? or * to list all spells.
You miscast Regeneration.
You are very lightly contaminated with residual magic.
Your skin glows momentarily.
You hit Grinder. You tail-slap Grinder.
Grinder is lightly wounded.
Grinder gestures at you.
You suddenly lose the ability to move!
Grinder blinks!
Grinder gestures at you. Pain shoots through your body!
You die...

##########.###.#.#
#.......##.##..#.#
#.......##.......#
#.......##.......#
#.......###.#.##.#
#.......# #.#.##.#
#....>..# #.#.##.#
#.......# #.#.##.# .
#......## #@..5..#
#.##.##.#.# ###.####
###.#.......######.#
#...........#..5...#
#.#.#.)###..#.######
............#.#
#####
....#.......#.#
#....
#####.#..5..5.#
##.### #......####
#######.....


You could see Grinder.

Vanquished Creatures
  A worker ant (D:2)
  6 adders
  2 oozes
  5 worms
  7 dart slugs
  2 leopard geckos
  5 orcs (D:2)
  4 bats
  3 giant cockroaches (D:2)
  5 goblins
  4 hobgoblins
  2 jackals (D:1)
  A quokka (D:2)
  6 frilled lizards
  8 kobolds
  6 rats
67 creatures vanquished.

Notes
Turn   | Place    | Note
-------+----------+-------------------------------------------
     0 | D:1      | JeffiDaFish the Draconian Necromancer began the quest for the Orb.
     0 | D:1      | Reached XP level 1. HP: 14/14 MP: 3/3
   316 | D:1      | Reached XP level 2. HP: 13/20 MP: 1/5
   830 | D:1      | Reached XP level 3. HP: 25/26 MP: 3/6
   847 | D:1      | Learned a level 3 spell: Vampiric Draining
  1316 | D:2      | Reached skill level 5 in Necromancy
  1316 | D:2      | Reached XP level 4. HP: 25/33 MP: 1/8
  1437 | D:2      | Learned a level 3 spell: Regeneration
  1588 | D:2      | Reached skill level 1 in Shields
  1769 | D:2      | Reached XP level 5. HP: 31/38 MP: 0/9
  2896 | D:3      | Noticed Grinder
  2951 | D:3      | Paralysed by Grinder for 5 turns
  2954 | D:3      | Killed from afar by Grinder

Vault maps used:
D:1:      kennysheep_arrival_seaside
D:3:      bloody_trog, uniq_grinder

Skill      XL: |  1  2  3  4 |
---------------+-------------+-----
Dodging        | 2 |  2.0
Necromancy     | 5 |  5.6
Shields        | 1 |  1.5
Spellcasting   | 3 |  3.2
Stealth        | |  1.7

Action                   |  1- 3 |  4- 6 || total
-------------------------+-------+-------++-------
Melee: Short sword       |    26 |    89 ||   115
       Unarmed           |     4 |       ||     4
       Tailslap          |     6 |     7 ||    13
 Cast: Pain              |    41 |    68 ||   109
       Vampiric Draining |     1 |     3 ||     4
       Regeneration      |       |     4 ||     4
  Use: Scroll            |     5 |     2 ||     7
       Potion            |     1 |     3 ||     4
 Stab: Sleeping          |       |     1 ||     1
  Eat: Ration            |     2 |       ||     2
       Chunk             |     1 |     4 ||     5
Armor: Skin              |    11 |    26 ||    37
Dodge: Dodged            |    23 |    58 ||    81

Table legend:
 A = Spawn XP
 B = Non-spawn XP
 C = Spawn XP percentage of total XP
 D = Spawn monster count
 E = Non-spawn monster count
 F = Spawn count percentage of total count
 G = Total turns spent on level
                    A         B        C        D         E        F      G
               +---------+---------+-------+---------+---------+-------+---------
         Total |       0 |     262 |   0.0 |       0 |      67 |   0.0 |  2954
               +---------+---------+-------+---------+---------+-------+---------
           D:1 |       0 |      53 |   0.0 |       0 |      24 |   0.0 |  1266
           D:2 |       0 |     179 |   0.0 |       0 |      34 |   0.0 |  1215
           D:3 |       0 |      30 |   0.0 |       0 |       9 |   0.0 |   473
               +---------+---------+-------+---------+---------+-------+---------
